 Dungeon Crawl Stone Soup version 0.23.2-33-g5129a83184 (webtiles) character file.

Game seed: 7597271526207986555

49 Derp the Slasher (level 3, 0/27 HPs)
             Began as a Demonspawn Gladiator on July 24, 2019.
             Slain by an adder (1 damage)
             ... on level 2 of the Dungeon.
             The game lasted 00:03:02 (1418 turns).

Derp the Slasher (Demonspawn Gladiator)             Turns: 1418, Time: 00:03:02

Health: 0/27       AC:  4    Str: 14    XL:     3   Next: 51%
Magic:  3/3        EV: 10    Int:  9    God:
Gold:   110        SH:  7    Dex: 15    Spells: 2/2 levels left

rFire    . . .     SeeInvis .   a - +0 long sword
rCold    + . .     Gourm    .   l - +0 shield
rNeg     . . .     Faith    .   b - +0 leather armour
rPois    .         Spirit   .   c - +0 helmet
rElec    .         Reflect  .   (no cloak)
rCorr    .         Harm     .   (no gloves)
MR       .....                  (no boots)
Stlth    +.........             g - amulet of inaccuracy (curse)
HPRegen  0.09/turn              e - ring of protection from cold
MPRegen  0.08/turn              (no ring)

@: lethally poisoned (0 -> -6)
A: claws 1
a: no special abilities


You were on level 2 of the Dungeon.
You were not hungry.

You visited 1 branch of the dungeon, and saw 2 of its levels.

You collected 110 gold pieces.

Inventory:

Hand Weapons
 a - a +0 long sword (weapon)
Missiles
 d - 3 throwing nets (quivered)
Armour
 b - a +0 leather armour (worn)
 c - a +0 helmet (worn)
 l - a +0 shield (worn)
Jewellery
 e - a ring of protection from cold (left claw)
 g - a cursed amulet of inaccuracy (around neck)
Scrolls
 m - 2 scrolls of identify
 n - 3 scrolls of blinking
 o - a scroll of teleportation
Potions
 h - a potion of mutation {unknown}
 i - 2 potions of heal wounds {unknown}
 j - a potion of lignification {unknown}
 k - a potion of degeneration {unknown}
Comestibles
 f - 2 rations


   Skills:
 + Level 2.2 Fighting
 + Level 3.5 Long Blades
 + Level 1.8 Throwing
 + Level 0.5 Armour
 + Level 3.1 Dodging


You had 2 spell levels left.
You didn't know any spells.
Your spell library was empty.

Dungeon Overview and Level Annotations

Branches:
Dungeon (2/15)

Altars:
Ashenzari


Innate Abilities, Weirdness & Mutations

You have sharp fingernails.


Message History

The adder is almost dead.
The adder closely misses you.
You barely miss the adder.
The adder is severely wounded.
The adder bites you.
* * * LOW HITPOINT WARNING * * *
The adder closely misses you.
You completely miss the adder.
The adder is severely wounded.
The adder bites you.
* * * LOW HITPOINT WARNING * * *
The adder bites you.
* * * LOW HITPOINT WARNING * * *
You are lethally poisoned!
The adder poisons you!
Your shield and leather armour prevent you from hitting the adder.
The adder is severely wounded.
* * * LOW HITPOINT WARNING * * *
You feel sick. The adder bites you.
You die...

##***** *,********,*
..,,,,* *,* *,* #***,,*
**,** *,*
####..#***,,,**### *,*
......#,,,,*,,,..# *,*
###...#,**,,,**#.# *,*
.........##.####.###.#
###...#..##<....S....#
#...#..#*****#@#****
#...#..# #.# ###...#..#
#.# #....)#..#######.#
#.###.#.>........#### #.#
#.>.............#****
..###.#.###.###.........*
.......## ##.##.###.###.*
..֠...# *.##.# *.# *,*


You could see an adder.

Vanquished Creatures
  An adder (D:2)
  4 dart slugs (D:1)
  2 leopard geckos
  2 giant cockroaches (D:1)
  2 hobgoblins (D:1)
  7 bats
  4 frilled lizards
  2 goblins
  5 kobolds (D:1)
  3 rats (D:1)
32 creatures vanquished.

Notes
Turn   | Place    | Note
-------+----------+-------------------------------------------
     0 | D:1      | Derp the Demonspawn Gladiator began the quest for the Orb.
     0 | D:1      | Reached XP level 1. HP: 16/16 MP: 1/1
   128 | D:1      | Gained mutation: You have sharp fingernails. [demonic
                  | ancestry]
   128 | D:1      | Reached XP level 2. HP: 21/22 MP: 2/2
   714 | D:1      | Reached XP level 3. HP: 27/27 MP: 3/3
  1233 | D:2      | Found a shattered altar of Ashenzari.
  1417 | D:2      | HP: 1/27 [adder (1)]
  1418 | D:2      | Slain by an adder

Skill      XL: |  1  2 |
---------------+-------+-----
Long Blades    | 3 |  3.5
Dodging        | 3 |  3.1
Fighting       | |  2.2
Throwing       | |  1.8
Armour         | |  0.5

Action                   || total
-------------------------++-------
Melee: Long sword        ||    97
  Use: Scroll            ||     3
  Eat: Chunk             ||     2
Armor: Leather armour    ||    41
Dodge: Dodged            ||   104
Block: Shield            ||    14
       Rpst.: Long sword ||    33
